 Dungeon Crawl Stone Soup version 0.26-a0-652-gafc20e3620 (webtiles) character file.

Game seed: 1259951524475442835

231 heikuro the Skirmisher (level 6, -3/48 HPs)
             Began as a Formicid Abyssal Knight on Oct 2, 2020.
             Was a Priest of Lugonu.
             Killed from afar by an orc wizard (8 damage)
             ... with a puff of frost
             ... on level 3 of the Dungeon.
             The game lasted 00:06:59 (4003 turns).

heikuro the Skirmisher (Formicid Abyssal Knight)    Turns: 4003, Time: 00:07:00

Health: -3/48      AC:  7    Str: 19    XL:     6   Next: 24%
Magic:  8/8        EV:  5    Int: 11    God:    Lugonu [***...]
Gold:   332        SH: 11    Dex: 10    Spells: 5/5 levels left

rFire    . . .     SeeInvis +   a - +1 falchion
rCold    . . .     Faith    .   x - +0 tower shield
rNeg     . . .     Spirit   .   t - +1 scale mail
rPois    .         Reflect  .   (helmet unavailable)
rElec    .         Harm     .   (no cloak)
rCorr    .         Rampage  .   (no gloves)
MR       .....                  (no boots)
Stlth    ..........             (no amulet)
HPRegen  0.16/turn              (no ring)
MPRegen  0.11/turn              (no ring)

@: no status effects
A: permanent stasis, dig shafts and tunnels, four strong arms, antennae 3
a: Dig, Shaft Self, Depart the Abyss, Bend Space, Banish, Renounce Religion


You were on level 3 of the Dungeon.
You worshipped Lugonu.
Lugonu was most pleased with you.
You visited 1 branch of the dungeon, and saw 4 of its levels.
You visited the Abyss 1 time.

You collected 332 gold pieces.

Inventory:

Hand Weapons
 a - a +1 falchion (weapon)
 u - a +0 fustibalus
Missiles
 v - 24 stones (quivered)
Armour
 t - a +1 scale mail (worn)
 x - a +0 tower shield (worn)
Jewellery
 b - a +6 ring of dexterity {unknown}
 e - an uncursed ring of protection from cold {unknown}
 j - an uncursed ring of poison resistance {unknown}
 m - an uncursed ring of protection from fire {unknown}
 w - a cursed ring of teleportation {unknown}
Scrolls
 f - a scroll of acquirement {unknown}
 g - 2 scrolls of enchant armour
 h - a scroll of teleportation {unknown}
 k - 2 scrolls of identify
 p - a scroll of magic mapping {unknown}
 q - a scroll of remove curse {unknown}
 r - a scroll of amnesia {unknown}
 y - 2 scrolls of blinking {unknown}
Potions
 c - 2 potions of cancellation
 d - a potion of curing
 i - a potion of mutation {unknown}
 l - a potion of resistance {unknown}
 n - a potion of flight {unknown}
 o - a potion of heal wounds {unknown}
 s - a potion of stabbing {unknown}


   Skills:
 + Level 4.2 Fighting
 + Level 3.9 Long Blades
 + Level 0.9 Slings
 + Level 3.5 Armour
 - Level 1.0 Dodging
 * Level 0.2 Shields
 + Level 3.6 Invocations


You had 5 spell levels left.
You didn't know any spells.
Your spell library was empty.

Dungeon Overview and Level Annotations

Branches:
Dungeon (4/15)
 Temple: D:4-7

Altars:


Innate Abilities, Weirdness & Mutations

You cannot be hasted, slowed, berserked, paralysed or teleported.
You can dig through walls and to a lower floor.
Your four strong arms can wield two-handed weapons with a shield.
You have a pair of large antennae on your head. (SInv)


Message History

The orc wizard casts a spell at you. You block the puff of flame.
You closely miss the orc wizard.
The orc wizard is heavily wounded.
The orc hits you but does no damage.
The orc wizard hits you with a +0 dagger.
* * * LOW HITPOINT WARNING * * *
You hit the orc wizard.
The orc wizard is severely wounded.
You block the orc's attack.
The orc wizard hits you but does no damage.
You barely miss the orc wizard.
The orc wizard is severely wounded.
The orc barely misses you. You block the orc wizard's attack.
The orc completely misses you.
You riposte.
You barely miss the orc. You closely miss the orc wizard.
The orc wizard is severely wounded.
The orc wizard points at you and mumbles some strange words.
The puff of frost hits you!
You die...

##...####..##.......####.###
...........................#
.....###...##........#######
#.#####...###......>.#
#.####...## #........###
#......#.########..#...#
####........# #..###..#
#.#......# #o## #..##
###.#......# #@# ##..####
##...#......####o# ##....#
.....##...###....# ##...##
#.##...........### ##.....##
..########.......#####.......#
..# #............##.......#
..# #............##.......#
### #.......(...........)##
################.....##


You could see an orc wizard and an orc.

Vanquished Creatures
  3 orc wizards (D:3)
  4 adders
  An ooze (D:2)
  2 worms (D:2)
  A leopard gecko (D:1)
  7 orcs
  4 giant cockroaches
  11 goblins
  11 hobgoblins
  16 jackals
  A quokka (D:3)
  3 bats
  7 frilled lizards
  8 kobolds
  8 rats
87 creatures vanquished.

Notes
Turn   | Place    | Note
-------+----------+-------------------------------------------
     0 | Abyss:1  | heikuro the Formicid Abyssal Knight began the quest for the
                  | Orb.
     0 | Abyss:1  | Reached XP level 1. HP: 18/18 MP: 2/2
    68 | Abyss:1  | Found a corrupted altar of Lugonu.
   153 | Abyss:1  | Noticed a tormentor
   231 | Abyss:1  | Noticed a deep elf sorcerer
   233 | Abyss:2  | Found a corrupted altar of Lugonu.
   277 | Abyss:2  | Noticed a small abomination
   280 | D:1      | Escaped the Abyss
   385 | D:1      | Reached skill level 1 in Dodging
   401 | D:1      | Reached XP level 2. HP: 18/24 MP: 3/3
   417 | D:1      | Reached * piety under Lugonu
   793 | D:1      | Reached XP level 3. HP: 19/29 MP: 4/4
  1456 | D:2      | Reached ** piety under Lugonu
  1460 | D:2      | Found a faded altar of an unknown god.
  1626 | D:2      | Reached XP level 4. HP: 32/37 MP: 6/6
  2645 | D:3      | Reached XP level 5. HP: 29/42 MP: 7/7
  2653 | D:3      | Reached skill level 4 in Fighting
  3179 | D:3      | Reached XP level 6. HP: 40/48 MP: 8/8
  3400 | D:3      | Reached *** piety under Lugonu
  4003 | D:3      | Killed from afar by an orc wizard

Illustrated notes

Levels and vault maps discovered:
D:1:      minmay_arrival_jagged, layout_rooms
D:2:      layout_rooms, chequers_ecumenical_altar_simple, minmay_between
D:3:      layout_rooms
D:4:      layout_basic, minmay_temple_entry_mini_moons, fedhas_altar_2

Skill      XL: |  1  2  3  4  5 |
---------------+----------------+-----
Dodging        | 1 |  1.0
Long Blades    | 3 |  3.9
Invocations    | 3 |  3.6
Armour         | 3 |  3.5
Fighting       | 4 |  4.2
Slings         | |  0.9
Shields        | |  0.2

Action                   |  1- 3 |  4- 6 || total
-------------------------+-------+-------++-------
Melee: Falchion          |   107 |   179 ||   286
 Fire: Fustibalus        |       |     5 ||     5
Invok: Depart the Abyss  |     1 |       ||     1
  Use: Scroll            |       |     4 ||     4
Armor: Leather armour    |    31 |     6 ||    37
       Ring mail         |       |    23 ||    23
       Scale mail        |       |    76 ||    76
Dodge: Dodged            |    66 |    97 ||   163
Block: Tower shield      |       |    25 ||    25
       Rpst.: Falchion   |    21 |    26 ||    47

Table legend: (Time is in decaauts)
 A = Elapsed time spent in this place.
 B = Non-inter-level travel time spent in this place.
 C = Inter-level travel time spent in this place.
 D = Time resting spent in this place.
 E = Time spent auto-exploring this place.
 F = Levels seen in this place.
 G = Mean time per level.
                   A        B        C        D        E       F      G
               +--------+--------+--------+--------+--------+-----+--------+
         Total |   4057 |   3838 |    219 |   1352 |   1275 |   6 |  676.2 |
       Dungeon |   3777 |   3558 |    219 |   1352 |   1060 |   4 |  944.2 |
         Abyss |    279 |    279 |      0 |      0 |    215 |   2 |  139.5 |
               +--------+--------+--------+--------+--------+-----+--------+

Top non-repeatable levels by time:
     D:3: 1487 daAuts
     D:1: 1168 daAuts
     D:2: 1102 daAuts
 Abyss:1: 233 daAuts
 Abyss:2: 46 daAuts
     D:4: 20 daAuts
